 Dungeon Crawl Stone Soup version 0.20.1-1-g8b1a95d (webtiles) character file.

738 Lanoc the Chopper (level 7, -1/61 HPs)
             Began as a Hill Orc Fighter on Dec 2, 2017.
             Was an Initiate of Beogh.
             Slain by Menkaure (8 damage)
             ... on level 5 of the Dungeon.
             The game lasted 00:14:09 (3269 turns).

Lanoc the Chopper (Hill Orc Fighter)                Turns: 3269, Time: 00:14:09

Health: -1/61      AC:  9    Str: 21    XL:     7   Next: 75%
Magic:  7/7        EV:  8    Int:  8    God:    Beogh [......]
Gold:   218        SH: 10    Dex: 10    Spells: 6/6 levels left

rFire    + . .     SeeInvis .   a - +1 war axe
rCold    + . .     Gourm    .   c - +0 shield
rNeg     . . .     Faith    .   b - +0 scale mail
rPois    .         Spirit   .   (no helmet)
rElec    .         Reflect  .   n - scarf {rC+ rF+}
rCorr    .         Harm     .   r - +0 pair of gloves
MR       .....                  (no boots)
Stlth    ..........             (no amulet)
Regen    0.2/turn               t - ring of flight
MPRegen  0.1/turn               q - +1 ring of protection

@: no status effects
A: no striking features
a: Renounce Religion, Evoke Flight


You were on level 5 of the Dungeon.
You worshipped Beogh.
Beogh was noncommittal.
You were hungry.

You visited 1 branch of the dungeon, and saw 5 of its levels.

You collected 218 gold pieces.

Inventory:

Hand Weapons
 a - a +1 war axe (weapon)
 e - a +1 hand axe of flaming
Missiles
 x - 2 exploding tomahawks (quivered)
Armour
 b - a +0 scale mail (worn)
 c - a +0 shield (worn)
 n - a scarf of resistance (worn)
 r - a +0 pair of gloves (worn)
Jewellery
 q - a +1 ring of protection (right hand)
 t - a ring of flight (left hand)
Wands
 w - a wand of disintegration (7/24)
Scrolls
 m - 3 scrolls of recharging
 o - a scroll of identify
 v - a scroll of remove curse
 y - 2 scrolls of random uselessness {unknown}
Potions
 d - 2 potions of might
 h - a potion of heal wounds {unknown}
 j - a potion of mutation {unknown}
 k - 2 potions of ambrosia {unknown}
 l - 2 potions of flight {unknown}
 u - a potion of brilliance {unknown}
 A - a potion of magic {unknown}
Books
 g - a book of Misfortune

   Spells                             Type                      Level
   a - Confusing Touch                Hexes                        1
   b - Confuse                        Hexes                        3
   c - Gell's Gravitas                Translocation                3
   d - Petrify                        Transmutation/Earth          4
   e - Metabolic Englaciation         Hexes/Ice                    5
   f - Yara's Violent Unravelling     Hexes/Transmutation          5
Comestibles
 f - 4 bread rations
 p - 2 meat rations
 s - a chunk of flesh
 z - 3 fruits


   Skills:
 + Level 5.3 Fighting
 * Level 6.6 Axes
 + Level 5.0 Armour
 + Level 2.4 Dodging
 + Level 5.1 Shields


You had 6 spell levels left.
You didn't know any spells.

Dungeon Overview and Level Annotations

Branches:
Dungeon (5/15)             Temple (0/1) D:4

Altars:
Ashenzari
Dithmenos
Elyvilon
Ru
Vehumet
Xom

Annotations:
D:5 Menkaure


Message History

You hit the orc.
You kill the orc!
Beogh accepts your kill.
You barely miss the orc. Menkaure hits you.
* * * LOW HITPOINT WARNING * * *
Menkaure casts a spell at you. Pain shoots through your body!
* * * LOW HITPOINT WARNING * * *
The orc hits you but does no damage.
You hit Menkaure but do no damage.
Menkaure is almost destroyed.
Your scale mail prevents you from hitting the orc.
The crimson imp shouts, "Decamp, thou clouted dread-bolted hedge-pig!"
Menkaure hits you.
* * * LOW HITPOINT WARNING * * *
The orc hits you with a flail.
* * * LOW HITPOINT WARNING * * *
You block the crimson imp's attack.
You feel better. Menkaure hits you!
You die...

...............## #
...>...........# #####
...............####....
...............#.......
.........).........##..
#...............#####
###..............## #
#.5.............##
#)@%.............#
#)Mo.............##
#..................
....................
##...................
#...................
#.........>.........
#...................
..............


You could see Menkaure, a crimson imp and an orc.

Vanquished Creatures
  Eustachio (D:4)
  A scorpion (D:5)
  A howler monkey (D:5)
  2 crimson imps (D:5)
  A centaur zombie (D:5)
  2 jellies (D:5)
  A hound (D:4)
  4 orc wizards
  A worker ant (D:4)
  A worker ant zombie (D:5)
  A gnoll (D:1)
  A howler monkey skeleton (D:4)
  7 adders
  An adder skeleton (D:4)
  A worm (D:3)
  5 dart slugs
  2 leopard geckos (D:2)
  18 orcs
  2 ball pythons
  5 giant cockroaches
  12 hobgoblins
  7 bats
  3 frilled lizards
  8 goblins
  5 kobolds
  6 rats
99 creatures vanquished.

Vanquished Creatures (others)
  An orc priest (D:5)
  2 orcs (D:5)
3 creatures vanquished.

Grand Total: 102 creatures vanquished

Notes
Turn   | Place    | Note
-------+----------+-------------------------------------------
     0 | D:1      | Lanoc the Hill Orc Fighter began the quest for the Orb.
     0 | D:1      | Reached XP level 1. HP: 19/19 MP: 1/1
   137 | D:1      | Reached XP level 2. HP: 27/27 MP: 2/2
   242 | D:1      | Reached skill level 3 in Axes
   521 | D:1      | Reached XP level 3. HP: 23/33 MP: 3/3
  1075 | D:2      | Reached XP level 4. HP: 28/40 MP: 4/4
  1077 | D:2      | Reached skill level 4 in Axes
  1206 | D:2      | Found a radiant altar of Vehumet.
  1373 | D:2      | Found a white marble altar of Elyvilon.
  1783 | D:3      | Reached skill level 1 in Dodging
  1846 | D:3      | Found a shattered altar of Ashenzari.
  2011 | D:3      | Reached XP level 5. HP: 45/47 MP: 5/5
  2124 | D:3      | Found a sacrificial altar of Ru.
  2602 | D:4      | Found a shimmering altar of Xom.
  2605 | D:4      | Found a shimmering altar of Xom.
  2616 | D:4      | Found a shimmering altar of Xom.
  2616 | D:4      | Found a shimmering altar of Xom.
  2616 | D:4      | Found a shimmering altar of Xom.
  2634 | D:4      | Found a shimmering altar of Xom.
  2635 | D:4      | Found a shimmering altar of Xom.
  2650 | D:4      | You fall through a shaft!
  2650 | D:5      | Entered Level 5 of the Dungeon
  2650 | D:5      | Found a shadowy altar of Dithmenos.
  2661 | D:5      | Reached skill level 5 in Axes
  2669 | D:5      | Reached XP level 6. HP: 22/53 MP: 6/6
  2773 | D:5      | Became a worshipper of Beogh the Brigand
  2847 | D:5      | Reached skill level 5 in Fighting
  2866 | D:4      | Reached XP level 7. HP: 45/61 MP: 7/7
  2955 | D:4      | Noticed Eustachio
  2958 | D:4      | Found a staircase to the Ecumenical Temple.
  2969 | D:4      | Killed Eustachio
  2969 | D:4      | Reached skill level 6 in Axes
  3141 | D:4      | Reached skill level 5 in Shields
  3252 | D:5      | Reached skill level 5 in Armour
  3253 | D:5      | Noticed Menkaure
  3268 | D:5      | HP: 2/61 [orc/flail (2)]
  3269 | D:5      | Slain by Menkaure

Skill      XL: |  1  2  3  4  5  6  7 |
---------------+----------------------+-----
Axes           | 3 4 5 6 |  6.6
Fighting       | 4 5 |  5.3
Dodging        | 1 2 |  2.4
Armour         | 4 5 |  5.0
Shields        | 4 5 |  5.1

Action                   |  1- 3 |  4- 6 |  7- 9 || total
-------------------------+-------+-------+-------++-------
Melee: War axe           |   115 |   205 |    44 ||   364
       Hand axe          |       |    48 |       ||    48
Throw: Tomahawk          |       |     1 |       ||     1
Invok: Convert to Beogh  |       |     1 |       ||     1
  Use: Scroll            |       |     6 |       ||     6
       Potion            |       |     2 |     4 ||     6
  Eat: Chunk             |     1 |     4 |     1 ||     6
       Royal jelly       |       |     1 |       ||     1
Armor: Scale mail        |    58 |   136 |    18 ||   212
Dodge: Dodged            |    25 |    62 |    12 ||    99
Block: Shield            |    61 |   124 |    20 ||   205
